[ AOE2 MATCH · #467464337 ]
UnrankedJurchens vs Tatars
[ REPLAY ANALYSIS · EXTRACTED FROM THE RECORDED GAME ]
Feudal
11:00
Castle
14:31
Imperial
28:35
| APM avg | 31.5 |
| APM peak | 64 |
| eAPM avg | 20.3 |
| Villagers / military | 180 / 48 |
Focus
⚔️ 34.8% · 🌾 65.2%
Unknown (1911) ×107 · Scout Cavalry ×19 · Spearman ×18 · Fire Lancer ×6 · Bombard Cannon ×3 · Skirmisher ×1
Feudal
10:13
Castle
14:33
Imperial
34:16
| APM avg | 29.3 |
| APM peak | 72 |
| eAPM avg | 16.9 |
| Villagers / military | 112 / 29 |
Focus
⚔️ 29.3% · 🌾 70.7%
Archer ×12 · Scorpion ×9 · Battering Ram ×3 · Scout Cavalry ×3 · Monk ×1 · Mangonel ×1
Feudal
11:25
Castle
14:55
Imperial
29:56
| APM avg | 38.0 |
| APM peak | 98 |
| eAPM avg | 17.8 |
| Villagers / military | 109 / 97 |
Focus
⚔️ 33.6% · 🌾 66.4%
Gbeto ×92 · Trebuchet (Packed) ×4 · Petard ×1
Feudal
10:32
Castle
14:56
Imperial
29:56
| APM avg | 44.9 |
| APM peak | 91 |
| eAPM avg | 21.6 |
| Villagers / military | 136 / 312 |
Focus
⚔️ 31.8% · 🌾 68.2%
Archer ×163 · Skirmisher ×135 · Mangonel ×10 · Trebuchet (Packed) ×3 · Scorpion ×1
Feudal
11:31
Castle
15:12
Imperial
29:43
| APM avg | 38.0 |
| APM peak | 77 |
| eAPM avg | 22.0 |
| Villagers / military | 172 / 194 |
Focus
⚔️ 37.7% · 🌾 62.3%
Woad Raider ×84 · Spearman ×79 · Mangonel ×20 · Battering Ram ×4 · Trebuchet (Packed) ×4 · Monk ×3
Feudal
10:56
Castle
15:02
Imperial
30:09
| APM avg | 31.7 |
| APM peak | 72 |
| eAPM avg | 18.2 |
| Villagers / military | 164 / 224 |
Focus
⚔️ 26.3% · 🌾 73.7%
Leitis ×138 · Scout Cavalry ×77 · Trebuchet (Packed) ×9
Feudal
11:36
Castle
15:11
Imperial
32:54
| APM avg | 28.5 |
| APM peak | 56 |
| eAPM avg | 15.1 |
| Villagers / military | 126 / 82 |
Focus
⚔️ 30.6% · 🌾 69.4%
Tarkan ×45 · Cavalry Archer ×32 · Monk ×5
Feudal
11:56
Castle
15:29
Imperial
35:13
| APM avg | 64.7 |
| APM peak | 131 |
| eAPM avg | 38.5 |
| Villagers / military | 175 / 186 |
Focus
⚔️ 60.9% · 🌾 39.1%
Knight ×87 · Battle Elephant ×86 · Scout Cavalry ×9 · Monk ×4
Match map
Initial resources + every placement click. Lines = walls · curves = elevation contours. ◆ gold · ⬟ stone · ● berries · ✦ relic · ◌ wall gap
Your base· ✓ Closed at 14:31 · 0t walls · 2 gate(s)
Wiwu's base· ✓ Closed at 14:33 · 0t walls · 3 gate(s)
OIDA | Pat_Star's base· ✓ Closed at 14:55 · 14t walls · 3 gate(s)
Estómago's base· ✓ Closed at 14:56 · 0t walls · 2 gate(s)
OIDA | Tasty's base· ✓ Closed at 15:12 · 5t walls · 7 gate(s)
Crouch's base· ✓ Closed at 15:02 · 0t walls · 3 gate(s)
ManWithScarf's base· ✓ Closed at 15:11 · 17t walls · 2 gate(s)
OIDA | .#sILVER's base· ✓ Closed at 15:29 · 20t walls · 3 gate(s)
Smoothed initial terrain · ◌ = detected wall gap · hover for details
Inputs per minute
— OIDA | onkyox - - Wiwu
Build order — OIDA | onkyox
First 150 of 492 actions detected
| 0:01 | Create | Villager (Male) |
| 0:02 | Create | Villager (Male) |
| 0:03 | Build | House |
| 0:04 | Build | House |
| 0:09 | Create | Villager (Male) |
| 0:09 | Create | Villager (Male) |
| 1:30 | Create | Villager (Male) |
| 1:40 | Create | Villager (Male) |
| 1:44 | Build | Lumber Camp |
| 2:17 | Create | Villager (Male) |
| 2:38 | Create | Villager (Male) |
| 2:38 | Create | Villager (Male) |
| 3:08 | Create | Villager (Male) |
| 3:24 | Create | Villager (Male) |
| 3:52 | Build | Mill |
| 3:59 | Build | Mill |
| 4:04 | Create | Villager (Male) |
| 4:11 | Build | House |
| 4:12 | Build | House |
| 4:28 | Create | Villager (Male) |
| 4:29 | Create | Villager (Male) |
| 4:54 | Create | Villager (Male) |
| 4:55 | Create | Villager (Male) |
| 5:17 | Build | Mill |
| 5:22 | Create | Villager (Male) |
| 5:22 | Create | Villager (Male) |
| 6:13 | Create | Villager (Male) |
| 6:28 | Create | Villager (Male) |
| 6:28 | Create | Villager (Male) |
| 6:29 | Create | Villager (Male) |
| 6:34 | Create | Villager (Male) |
| 7:02 | Create | Villager (Male) |
| 7:19 | Build | House |
| 7:24 | Build | House |
| 8:27 | Research | Feudal Age |
| 8:30 | Build | Mining Camp |
| 8:43 | Build | Farm |
| 8:59 | Build | Farm |
| 10:18 | Create | Villager (Male) |
| 10:18 | Create | Villager (Male) |
| 11:00 | Age | Feudal Age |
| 11:02 | Build | Market |
| 11:04 | Build | Blacksmith |
| 11:51 | Research | Castle Age |
| 12:12 | Research | Horse Collar |
| 12:26 | Research | Double-Bit Axe |
| 12:54 | Build | Farm |
| 12:56 | Build | Farm |
| 12:57 | Build | Farm |
| 13:06 | Build | House |
| 13:34 | Create | Villager (Male) |
| 13:35 | Create | Villager (Male) |
| 13:42 | Build | House |
| 14:18 | Build | House |
| 14:31 | Age | Castle Age |
| 14:34 | Build | Town Center |
| 14:38 | Build | Town Center |
| 14:51 | Research | Bow Saw |
| 15:03 | Research | Heavy Plow |
| 15:03 | Research | Heavy Plow |
| 15:15 | Create | Villager (Male) |
| 15:15 | Create | Villager (Male) |
| 15:34 | Build | Farm |
| 15:36 | Build | Farm |
| 15:40 | Create | Villager (Male) |
| 15:56 | Build | Farm |
| 16:00 | Build | Farm |
| 16:01 | Create | Villager (Male) |
| 16:01 | Create | Villager (Male) |
| 16:22 | Build | Farm |
| 16:27 | Create | Villager (Male) |
| 16:28 | Create | Villager (Male) |
| 16:28 | Create | Villager (Male) |
| 16:34 | Build | Farm |
| 16:45 | Create | Villager (Male) |
| 16:46 | Create | Villager (Male) |
| 16:51 | Build | Farm |
| 16:56 | Create | Villager (Male) |
| 17:00 | Build | House |
| 17:05 | Build | Farm |
| 17:10 | Create | Villager (Male) |
| 17:18 | Create | Villager (Male) |
| 17:18 | Create | Villager (Male) |
| 17:21 | Build | Farm |
| 17:25 | Build | Farm |
| 17:26 | Create | Villager (Male) |
| 17:27 | Create | Villager (Male) |
| 17:32 | Build | House |
| 17:34 | Create | Villager (Male) |
| 17:42 | Build | Farm |
| 17:55 | Build | Farm |
| 17:57 | Create | Villager (Male) |
| 17:57 | Create | Villager (Male) |
| 17:57 | Create | Villager (Male) |
| 18:05 | Build | Farm |
| 18:05 | Create | Villager (Male) |
| 18:13 | Create | Villager (Male) |
| 18:13 | Create | Villager (Male) |
| 18:17 | Build | Farm |
| 18:23 | Create | Villager (Male) |
| 18:23 | Create | Villager (Male) |
| 18:29 | Create | Villager (Male) |
| 18:30 | Create | Villager (Male) |
| 18:30 | Create | Villager (Male) |
| 18:40 | Create | Villager (Male) |
| 18:46 | Create | Villager (Male) |
| 19:03 | Build | Town Center |
| 19:05 | Create | Villager (Male) |
| 19:05 | Create | Villager (Male) |
| 19:05 | Create | Villager (Male) |
| 19:22 | Build | House |
| 19:23 | Build | House |
| 19:25 | Build | House |
| 19:25 | Build | House |
| 19:27 | Create | Villager (Male) |
| 19:27 | Create | Villager (Male) |
| 19:27 | Create | Villager (Male) |
| 19:31 | Build | Farm |
| 19:39 | Build | Farm |
| 19:48 | Build | Farm |
| 19:48 | Build | Farm |
| 19:49 | Create | Villager (Male) |
| 19:49 | Create | Villager (Male) |
| 19:50 | Create | Villager (Male) |
| 19:50 | Create | Villager (Male) |
| 19:56 | Create | Villager (Male) |
| 20:03 | Build | House |
| 20:05 | Build | Farm |
| 20:15 | Build | Farm |
| 20:21 | Build | Farm |
| 20:28 | Build | Farm |
| 20:30 | Create | Villager (Male) |
| 20:30 | Create | Villager (Male) |
| 20:30 | Create | Villager (Male) |
| 20:31 | Create | Villager (Male) |
| 20:31 | Create | Villager (Male) |
| 20:32 | Create | Villager (Male) |
| 20:41 | Create | Villager (Male) |
| 20:45 | Create | Villager (Male) |
| 20:45 | Create | Villager (Male) |
| 20:50 | Build | Farm |
| 20:52 | Build | Farm |
| 20:54 | Build | Farm |
| 21:02 | Build | Farm |
| 21:03 | Build | Farm |
| 21:06 | Build | Farm |
| 21:06 | Create | Villager (Male) |
| 21:07 | Create | Villager (Male) |
| 21:07 | Create | Villager (Male) |
| 21:07 | Create | Villager (Male) |
Build order — Wiwu
First 150 of 241 actions detected
| 0:00 | Create | Villager (Male) |
| 0:00 | Create | Villager (Male) |
| 0:02 | Build | House |
| 0:03 | Build | House |
| 0:07 | Create | Villager (Male) |
| 0:07 | Create | Villager (Male) |
| 1:26 | Create | Villager (Male) |
| 1:51 | Create | Villager (Male) |
| 1:51 | Create | Villager (Male) |
| 2:07 | Build | Lumber Camp |
| 2:17 | Create | Villager (Male) |
| 2:47 | Create | Villager (Male) |
| 2:47 | Create | Villager (Male) |
| 3:15 | Create | Villager (Male) |
| 3:15 | Create | Villager (Male) |
| 3:30 | Create | Villager (Male) |
| 3:49 | Build | House |
| 3:51 | Build | House |
| 4:01 | Create | Villager (Male) |
| 4:28 | Create | Villager (Male) |
| 5:03 | Create | Villager (Male) |
| 5:17 | Create | Villager (Male) |
| 5:18 | Create | Villager (Male) |
| 5:36 | Build | Mill |
| 5:57 | Create | Villager (Male) |
| 6:08 | Build | Mill |
| 6:19 | Create | Villager (Male) |
| 6:42 | Create | Villager (Male) |
| 7:05 | Create | Villager (Male) |
| 7:35 | Create | Villager (Male) |
| 8:03 | Research | Feudal Age |
| 8:06 | Build | Mining Camp |
| 8:25 | Build | Barracks |
| 9:19 | Create | Villager (Male) |
| 9:20 | Create | Villager (Male) |
| 10:12 | Build | House |
| 10:13 | Age | Feudal Age |
| 10:19 | Build | Stable |
| 10:52 | Create | Villager (Male) |
| 11:11 | Build | Blacksmith |
| 11:16 | Create | Villager (Male) |
| 11:52 | Research | Castle Age |
| 11:52 | Research | Castle Age |
| 12:20 | Research | Double-Bit Axe |
| 12:20 | Research | Double-Bit Axe |
| 12:46 | Research | Horse Collar |
| 12:47 | Research | Horse Collar |
| 12:52 | Build | Farm |
| 12:56 | Build | Farm |
| 12:57 | Build | Farm |
| 13:40 | Build | House |
| 13:41 | Build | House |
| 13:45 | Build | House |
| 13:53 | Create | Villager (Male) |
| 13:54 | Create | Villager (Male) |
| 13:59 | Create | Scout Cavalry |
| 14:22 | Build | Farm |
| 14:33 | Age | Castle Age |
| 14:36 | Build | Monastery |
| 14:43 | Build | Town Center |
| 15:02 | Create | Scout Cavalry |
| 15:05 | Create | Villager (Male) |
| 15:13 | Create | Monk |
| 15:22 | Create | Villager (Male) |
| 15:37 | Create | Scout Cavalry |
| 15:54 | Create | Villager (Male) |
| 16:14 | Build | Siege Workshop |
| 16:25 | Create | Villager (Male) |
| 16:25 | Create | Villager (Male) |
| 16:28 | Build | Farm |
| 16:31 | Build | Farm |
| 16:53 | Create | Mangonel |
| 16:56 | Build | Farm |
| 16:57 | Build | Farm |
| 16:58 | Create | Villager (Male) |
| 17:00 | Build | Farm |
| 17:12 | Build | Stone Wall |
| 17:12 | Create | Villager (Male) |
| 17:34 | Build | Stone Wall |
| 17:35 | Build | Stone Wall |
| 17:48 | Create | Villager (Male) |
| 17:48 | Create | Villager (Male) |
| 17:48 | Create | Villager (Male) |
| 17:49 | Create | Villager (Male) |
| 17:49 | Create | Villager (Male) |
| 17:52 | Build | Farm |
| 17:54 | Build | Farm |
| 18:10 | Create | Villager (Male) |
| 18:26 | Create | Villager (Male) |
| 18:31 | Build | Mining Camp |
| 18:33 | Create | Villager (Male) |
| 18:47 | Create | Villager (Male) |
| 19:02 | Create | Villager (Male) |
| 19:04 | Build | Farm |
| 19:10 | Create | Scorpion |
| 19:11 | Create | Scorpion |
| 19:32 | Research | Wheelbarrow |
| 19:32 | Research | Loom |
| 19:45 | Create | Villager (Male) |
| 19:53 | Create | Scorpion |
| 19:58 | Create | Villager (Male) |
| 20:18 | Create | Villager (Male) |
| 20:23 | Build | House |
| 20:24 | Build | House |
| 20:25 | Build | House |
| 20:37 | Create | Villager (Male) |
| 21:14 | Build | Stone Wall |
| 21:19 | Create | Scorpion |
| 21:19 | Create | Scorpion |
| 21:25 | Create | Villager (Male) |
| 21:45 | Create | Villager (Male) |
| 21:45 | Create | Villager (Male) |
| 22:00 | Create | Scorpion |
| 22:00 | Create | Scorpion |
| 22:24 | Create | Villager (Male) |
| 22:37 | Create | Villager (Male) |
| 22:37 | Create | Villager (Male) |
| 23:35 | Create | Villager (Male) |
| 23:35 | Create | Villager (Male) |
| 23:41 | Build | Stone Wall |
| 23:42 | Build | Stone Wall |
| 23:51 | Build | Mining Camp |
| 24:23 | Create | Scorpion |
| 24:23 | Create | Scorpion |
| 24:23 | Create | Battering Ram |
| 24:23 | Create | Battering Ram |
| 24:24 | Create | Battering Ram |
| 24:45 | Create | Villager (Male) |
| 25:10 | Build | Town Center |
| 25:11 | Create | Villager (Male) |
| 25:51 | Build | Farm |
| 25:51 | Build | Farm |
| 25:51 | Build | Farm |
| 25:51 | Build | Farm |
| 25:52 | Build | Farm |
| 25:52 | Build | Farm |
| 25:53 | Create | Villager (Male) |
| 26:22 | Create | Villager (Male) |
| 26:33 | Create | Villager (Male) |
| 26:34 | Create | Villager (Male) |
| 27:06 | Create | Villager (Male) |
| 27:06 | Create | Villager (Male) |
| 27:06 | Create | Villager (Male) |
| 27:23 | Build | Town Center |
| 27:24 | Create | Villager (Male) |
| 27:24 | Create | Villager (Male) |
| 27:25 | Create | Villager (Male) |
| 27:25 | Create | Villager (Male) |
| 27:29 | Create | Villager (Male) |
| 27:37 | Create | Villager (Male) |
Build order — OIDA | Pat_Star
First 150 of 341 actions detected
| 0:01 | Create | Villager (Male) |
| 0:01 | Create | Villager (Male) |
| 0:01 | Create | Villager (Male) |
| 0:03 | Build | House |
| 0:04 | Build | House |
| 0:04 | Create | Villager (Male) |
| 0:05 | Create | Villager (Male) |
| 1:22 | Create | Villager (Male) |
| 1:44 | Build | Lumber Camp |
| 1:59 | Create | Villager (Male) |
| 2:18 | Create | Villager (Male) |
| 2:18 | Create | Villager (Male) |
| 2:47 | Create | Villager (Male) |
| 3:11 | Create | Villager (Male) |
| 3:31 | Build | House |
| 3:37 | Create | Villager (Male) |
| 3:54 | Build | Palisade Wall |
| 3:55 | Build | Palisade Wall |
| 3:56 | Build | Palisade Wall |
| 4:09 | Create | Villager (Male) |
| 4:09 | Create | Villager (Male) |
| 4:16 | Build | Mill |
| 4:23 | Build | Palisade Wall |
| 4:24 | Build | Palisade Wall |
| 4:25 | Build | Palisade Wall |
| 4:27 | Build | Palisade Wall |
| 4:27 | Build | Palisade Wall |
| 4:28 | Build | Palisade Wall |
| 4:29 | Build | Palisade Wall |
| 4:30 | Build | Palisade Wall |
| 4:31 | Build | Palisade Wall |
| 4:54 | Create | Villager (Male) |
| 4:54 | Create | Villager (Male) |
| 5:30 | Build | House |
| 5:36 | Create | Villager (Male) |
| 5:37 | Create | Villager (Male) |
| 5:59 | Build | Palisade Gate |
| 6:09 | Build | House |
| 6:21 | Create | Villager (Male) |
| 6:21 | Create | Villager (Male) |
| 6:25 | Build | Farm |
| 6:28 | Build | Farm |
| 6:48 | Create | Villager (Male) |
| 7:18 | Build | Farm |
| 7:22 | Create | Villager (Male) |
| 8:00 | Create | Villager (Male) |
| 8:00 | Create | Villager (Male) |
| 8:02 | Build | Mining Camp |
| 8:31 | Create | Villager (Male) |
| 8:31 | Create | Villager (Male) |
| 8:42 | Create | Villager (Male) |
| 8:43 | Create | Villager (Male) |
| 9:07 | Research | Feudal Age |
| 9:32 | Build | Farm |
| 10:20 | Create | Villager (Male) |
| 10:20 | Create | Villager (Male) |
| 11:25 | Age | Feudal Age |
| 11:27 | Build | Market |
| 11:29 | Build | Blacksmith |
| 11:48 | Build | Mining Camp |
| 12:15 | Research | Castle Age |
| 12:51 | Build | House |
| 13:09 | Research | Stone Mining |
| 13:14 | Research | Double-Bit Axe |
| 13:28 | Create | Villager (Male) |
| 13:33 | Research | Horse Collar |
| 14:48 | Create | Villager (Male) |
| 14:48 | Create | Villager (Male) |
| 14:49 | Create | Villager (Male) |
| 14:55 | Age | Castle Age |
| 15:21 | Build | Castle |
| 15:37 | Create | Villager (Male) |
| 15:52 | Build | Farm |
| 15:53 | Build | Farm |
| 15:57 | Build | Farm |
| 16:05 | Create | Villager (Male) |
| 16:17 | Build | Mining Camp |
| 16:27 | Build | Farm |
| 16:27 | Build | Farm |
| 16:39 | Create | Gbeto |
| 16:39 | Create | Gbeto |
| 16:57 | Build | Stone Wall |
| 17:04 | Create | Gbeto |
| 17:04 | Create | Gbeto |
| 17:36 | Create | Gbeto |
| 17:36 | Create | Gbeto |
| 17:39 | Create | Gbeto |
| 18:05 | Create | Villager (Male) |
| 18:05 | Create | Villager (Male) |
| 18:07 | Build | Farm |
| 18:13 | Build | Farm |
| 18:14 | Create | Villager (Male) |
| 18:14 | Create | Villager (Male) |
| 18:18 | Build | Farm |
| 18:20 | Build | Farm |
| 18:25 | Build | Farm |
| 18:27 | Build | Farm |
| 18:35 | Create | Gbeto |
| 18:36 | Create | Gbeto |
| 18:42 | Build | Farm |
| 18:54 | Build | Stone Wall |
| 19:04 | Create | Gbeto |
| 19:04 | Create | Gbeto |
| 19:10 | Build | Farm |
| 19:29 | Research | Fletching |
| 19:51 | Create | Petard |
| 19:56 | Create | Villager (Male) |
| 20:14 | Create | Gbeto |
| 20:19 | Create | Villager (Male) |
| 20:55 | Create | Gbeto |
| 20:55 | Create | Gbeto |
| 20:56 | Create | Villager (Male) |
| 20:56 | Create | Villager (Male) |
| 21:12 | Create | Villager (Male) |
| 21:13 | Create | Villager (Male) |
| 21:26 | Create | Villager (Male) |
| 21:51 | Create | Gbeto |
| 21:51 | Create | Gbeto |
| 21:51 | Create | Gbeto |
| 22:21 | Create | Villager (Male) |
| 22:21 | Create | Villager (Male) |
| 22:22 | Build | Farm |
| 22:27 | Build | Lumber Camp |
| 22:36 | Create | Gbeto |
| 22:55 | Create | Villager (Male) |
| 22:55 | Create | Villager (Male) |
| 23:01 | Create | Villager (Male) |
| 23:06 | Create | Villager (Male) |
| 23:33 | Create | Gbeto |
| 23:34 | Create | Villager (Male) |
| 23:35 | Create | Villager (Male) |
| 23:35 | Create | Villager (Male) |
| 23:39 | Research | Gold Mining |
| 24:06 | Create | Villager (Male) |
| 24:06 | Create | Villager (Male) |
| 24:10 | Build | Mill |
| 24:11 | Build | Farm |
| 24:11 | Build | Farm |
| 24:11 | Build | Farm |
| 24:12 | Build | Farm |
| 24:12 | Build | Farm |
| 24:12 | Build | Farm |
| 24:12 | Build | Farm |
| 24:13 | Build | Farm |
| 24:13 | Build | Farm |
| 24:13 | Build | Farm |
| 24:14 | Build | Farm |
| 24:15 | Build | Farm |
| 24:25 | Research | Wheelbarrow |
| 24:26 | Research | Loom |
Build order — Estómago
First 150 of 364 actions detected
| 0:01 | Create | Villager (Male) |
| 0:02 | Create | Villager (Male) |
| 0:03 | Build | House |
| 0:05 | Build | House |
| 0:13 | Create | Villager (Male) |
| 0:14 | Create | Villager (Male) |
| 1:25 | Create | Villager (Male) |
| 1:58 | Create | Villager (Male) |
| 2:09 | Create | Villager (Male) |
| 2:39 | Build | Lumber Camp |
| 2:41 | Create | Villager (Male) |
| 2:44 | Create | Villager (Male) |
| 3:24 | Create | Villager (Male) |
| 3:25 | Create | Villager (Male) |
| 3:37 | Build | House |
| 3:49 | Build | House |
| 3:50 | Build | House |
| 3:56 | Create | Villager (Male) |
| 4:26 | Create | Villager (Male) |
| 4:26 | Create | Villager (Male) |
| 5:13 | Create | Villager (Male) |
| 5:13 | Create | Villager (Male) |
| 5:14 | Create | Villager (Male) |
| 5:34 | Build | Mill |
| 5:46 | Create | Villager (Male) |
| 5:47 | Create | Villager (Male) |
| 6:08 | Create | Villager (Male) |
| 6:08 | Create | Villager (Male) |
| 6:57 | Build | Mill |
| 7:17 | Build | Mill |
| 7:21 | Create | Villager (Male) |
| 8:09 | Build | Mining Camp |
| 8:12 | Research | Feudal Age |
| 8:29 | Build | Farm |
| 9:40 | Build | Farm |
| 9:54 | Build | House |
| 10:29 | Create | Villager (Male) |
| 10:30 | Create | Villager (Male) |
| 10:32 | Age | Feudal Age |
| 10:34 | Build | Blacksmith |
| 10:36 | Build | Market |
| 11:26 | Create | Villager (Male) |
| 11:51 | Create | Villager (Male) |
| 12:15 | Research | Castle Age |
| 12:37 | Research | Horse Collar |
| 12:41 | Build | Farm |
| 12:42 | Build | Farm |
| 12:42 | Build | Farm |
| 12:42 | Build | Farm |
| 12:52 | Build | Farm |
| 13:50 | Research | Double-Bit Axe |
| 13:55 | Build | Farm |
| 13:57 | Build | Farm |
| 14:51 | Create | Villager (Male) |
| 14:51 | Create | Villager (Male) |
| 14:56 | Age | Castle Age |
| 15:03 | Create | Villager (Male) |
| 15:12 | Build | Town Center |
| 15:17 | Build | Town Center |
| 16:09 | Create | Villager (Male) |
| 16:09 | Create | Villager (Male) |
| 16:16 | Build | House |
| 16:18 | Build | House |
| 16:28 | Build | House |
| 16:29 | Create | Villager (Male) |
| 16:37 | Create | Villager (Male) |
| 16:40 | Create | Villager (Male) |
| 16:41 | Create | Villager (Male) |
| 16:55 | Create | Villager (Male) |
| 17:06 | Research | Bow Saw |
| 17:08 | Create | Villager (Male) |
| 17:14 | Create | Villager (Male) |
| 17:17 | Build | House |
| 17:22 | Build | House |
| 17:29 | Create | Villager (Male) |
| 17:29 | Create | Villager (Male) |
| 17:29 | Create | Villager (Male) |
| 17:47 | Create | Villager (Male) |
| 17:51 | Research | Heavy Plow |
| 17:56 | Create | Villager (Male) |
| 18:05 | Build | House |
| 18:06 | Build | House |
| 18:08 | Create | Villager (Male) |
| 18:12 | Build | Farm |
| 18:16 | Build | Farm |
| 18:21 | Build | Farm |
| 18:22 | Create | Villager (Male) |
| 18:26 | Build | Farm |
| 18:27 | Create | Villager (Male) |
| 18:33 | Create | Villager (Male) |
| 18:35 | Build | Farm |
| 18:42 | Build | Farm |
| 18:46 | Create | Villager (Male) ×4 |
| 18:52 | Build | Farm |
| 18:57 | Build | House |
| 18:57 | Build | House |
| 18:58 | Create | Villager (Male) |
| 19:13 | Build | Farm |
| 19:18 | Build | Farm |
| 19:18 | Create | Villager (Male) |
| 19:19 | Create | Villager (Male) |
| 19:29 | Create | Villager (Male) |
| 19:35 | Build | Barracks |
| 19:36 | Create | Villager (Male) |
| 19:40 | Build | House |
| 19:40 | Build | House |
| 19:42 | Build | House |
| 19:44 | Build | House |
| 19:45 | Build | House |
| 19:45 | Build | House |
| 19:48 | Create | Villager (Male) |
| 19:55 | Build | Farm |
| 20:12 | Create | Villager (Male) |
| 20:23 | Build | Town Center |
| 20:26 | Create | Villager (Male) |
| 20:26 | Create | Villager (Male) |
| 20:26 | Create | Villager (Male) |
| 20:32 | Build | Farm |
| 20:35 | Build | Farm |
| 20:36 | Build | Farm |
| 20:48 | Create | Villager (Male) |
| 20:48 | Create | Villager (Male) |
| 20:54 | Build | Farm |
| 20:55 | Create | Villager (Male) |
| 21:05 | Build | Outpost |
| 21:06 | Create | Villager (Male) |
| 21:07 | Create | Villager (Male) |
| 21:08 | Research | Loom |
| 21:18 | Build | Outpost |
| 21:19 | Create | Villager (Male) |
| 21:20 | Create | Villager (Male) |
| 21:26 | Build | Farm |
| 21:27 | Create | Villager (Male) |
| 21:31 | Build | Farm |
| 21:31 | Build | Farm |
| 21:31 | Build | Farm |
| 21:32 | Build | Farm |
| 21:32 | Build | Farm |
| 21:32 | Build | Farm |
| 21:35 | Create | Villager (Male) |
| 21:45 | Build | Outpost |
| 21:47 | Create | Villager (Male) |
| 21:47 | Create | Villager (Male) |
| 21:53 | Build | Farm |
| 21:53 | Build | Farm |
| 21:53 | Build | Farm |
| 21:53 | Build | Farm |
| 22:01 | Create | Villager (Male) |
| 22:01 | Create | Villager (Male) |
| 22:14 | Create | Villager (Male) |
Build order — OIDA | Tasty
First 150 of 454 actions detected
| 0:01 | Create | Villager (Male) ×4 |
| 0:02 | Build | House |
| 0:03 | Build | House |
| 1:30 | Create | Villager (Male) |
| 1:31 | Create | Villager (Male) |
| 1:51 | Build | Palisade Gate |
| 1:54 | Build | Palisade Wall |
| 1:57 | Build | Palisade Wall |
| 2:01 | Create | Villager (Male) |
| 2:09 | Build | Palisade Gate |
| 2:11 | Build | Palisade Gate |
| 2:25 | Create | Villager (Male) |
| 2:52 | Build | Lumber Camp |
| 2:58 | Create | Villager (Male) |
| 3:17 | Create | Villager (Male) |
| 3:32 | Build | Palisade Gate |
| 3:53 | Create | Villager (Male) |
| 3:56 | Build | House |
| 4:06 | Build | Palisade Wall |
| 4:08 | Build | Palisade Wall |
| 4:14 | Create | Villager (Male) |
| 4:34 | Create | Villager (Male) |
| 4:56 | Build | House |
| 5:07 | Create | Villager (Male) |
| 5:07 | Create | Villager (Male) |
| 5:23 | Create | Villager (Male) |
| 5:45 | Create | Villager (Male) |
| 6:10 | Create | Villager (Male) |
| 6:21 | Create | Villager (Male) |
| 6:31 | Build | Mill |
| 6:46 | Create | Villager (Male) |
| 6:53 | Build | Outpost |
| 7:15 | Build | Farm |
| 7:17 | Build | Farm |
| 7:18 | Create | Villager (Male) |
| 7:32 | Create | Villager (Male) |
| 7:39 | Create | Villager (Male) |
| 7:43 | Build | House |
| 7:48 | Create | Villager (Male) |
| 7:48 | Create | Villager (Male) |
| 7:48 | Create | Villager (Male) |
| 7:54 | Build | Farm |
| 7:59 | Build | Farm |
| 8:42 | Build | Mining Camp |
| 8:52 | Create | Villager (Male) |
| 8:57 | Build | Farm |
| 9:21 | Research | Feudal Age |
| 11:07 | Create | Villager (Male) |
| 11:08 | Create | Villager (Male) |
| 11:31 | Age | Feudal Age |
| 11:34 | Build | Market |
| 11:37 | Build | Blacksmith |
| 12:32 | Research | Castle Age |
| 13:09 | Research | Double-Bit Axe |
| 13:24 | Research | Horse Collar |
| 13:33 | Build | Farm |
| 13:37 | Build | Farm |
| 13:56 | Build | House |
| 13:57 | Build | House |
| 14:59 | Create | Villager (Male) |
| 15:09 | Build | Palisade Wall |
| 15:12 | Build | House |
| 15:12 | Age | Castle Age |
| 15:13 | Build | Palisade Wall |
| 15:22 | Build | Town Center |
| 15:30 | Build | Palisade Gate |
| 15:38 | Build | House |
| 15:50 | Create | Villager (Male) |
| 15:54 | Build | Town Center |
| 16:12 | Create | Villager (Male) |
| 16:13 | Research | Bow Saw |
| 16:29 | Research | Heavy Plow |
| 16:30 | Create | Villager (Male) |
| 16:47 | Create | Villager (Male) |
| 16:59 | Create | Villager (Male) |
| 17:00 | Create | Villager (Male) |
| 17:04 | Build | Farm |
| 17:08 | Build | Farm |
| 17:10 | Create | Villager (Male) |
| 17:18 | Create | Villager (Male) |
| 17:22 | Create | Villager (Male) |
| 17:33 | Create | Villager (Male) |
| 17:40 | Create | Villager (Male) |
| 17:41 | Build | Farm |
| 17:48 | Create | Villager (Male) |
| 17:59 | Build | Monastery |
| 18:03 | Create | Villager (Male) |
| 18:03 | Create | Villager (Male) |
| 18:08 | Build | Palisade Wall |
| 18:09 | Build | Palisade Wall |
| 18:09 | Build | Palisade Wall |
| 18:10 | Build | Palisade Wall |
| 18:11 | Build | Palisade Wall |
| 18:11 | Build | Palisade Wall |
| 18:12 | Build | Palisade Wall |
| 18:12 | Build | Palisade Wall |
| 18:18 | Build | Palisade Wall |
| 18:22 | Build | Palisade Wall |
| 18:28 | Build | Palisade Wall |
| 18:29 | Build | Palisade Wall |
| 18:29 | Build | Palisade Wall |
| 18:30 | Build | Palisade Wall |
| 18:31 | Build | Palisade Wall |
| 18:31 | Build | Palisade Wall |
| 18:32 | Build | Palisade Wall |
| 18:33 | Build | Palisade Wall |
| 18:36 | Create | Villager (Male) |
| 18:36 | Create | Villager (Male) |
| 18:38 | Build | Farm |
| 18:40 | Build | Farm |
| 18:43 | Build | Farm |
| 18:45 | Build | Farm |
| 18:46 | Create | Monk |
| 18:49 | Build | Farm |
| 18:50 | Create | Villager (Male) |
| 18:52 | Build | Farm |
| 18:59 | Create | Villager (Male) |
| 19:01 | Build | Farm |
| 19:03 | Build | Farm |
| 19:04 | Create | Villager (Male) |
| 19:11 | Create | Villager (Male) |
| 19:16 | Build | Farm |
| 19:19 | Build | Farm |
| 19:23 | Build | Farm |
| 19:26 | Create | Villager (Male) |
| 19:33 | Build | Farm |
| 19:33 | Create | Villager (Male) |
| 19:36 | Build | Farm |
| 19:38 | Build | Farm |
| 19:46 | Create | Villager (Male) |
| 19:53 | Create | Villager (Male) |
| 19:59 | Build | Farm |
| 20:00 | Create | Villager (Male) |
| 20:07 | Create | Villager (Male) |
| 20:18 | Create | Villager (Male) |
| 20:21 | Create | Monk |
| 20:26 | Create | Villager (Male) |
| 20:27 | Create | Villager (Male) |
| 20:29 | Build | Town Center |
| 20:33 | Build | Farm |
| 20:36 | Build | Farm |
| 20:39 | Build | Farm |
| 20:41 | Create | Villager (Male) |
| 20:43 | Create | Villager (Male) |
| 20:47 | Create | Villager (Male) |
| 20:51 | Build | Farm |
| 20:53 | Build | Farm |
| 20:56 | Create | Villager (Male) |
| 20:57 | Build | Farm |
| 21:00 | Build | Farm |
Build order — Crouch
First 150 of 418 actions detected
| 0:00 | Create | Villager (Male) |
| 0:01 | Create | Villager (Male) |
| 0:01 | Create | Villager (Male) |
| 0:02 | Build | House |
| 0:03 | Build | House |
| 0:06 | Create | Villager (Male) |
| 0:06 | Create | Villager (Male) |
| 0:07 | Create | Villager (Male) |
| 0:07 | Create | Villager (Male) |
| 1:25 | Create | Villager (Male) |
| 1:46 | Build | Lumber Camp |
| 2:08 | Create | Villager (Male) |
| 2:16 | Create | Villager (Male) |
| 2:46 | Create | Villager (Male) |
| 3:09 | Create | Villager (Male) |
| 3:27 | Build | House |
| 3:27 | Build | House |
| 3:31 | Create | Villager (Male) |
| 4:28 | Create | Villager (Male) |
| 4:29 | Create | Villager (Male) |
| 4:33 | Create | Villager (Male) |
| 4:39 | Build | Mill |
| 4:51 | Create | Villager (Male) |
| 5:12 | Create | Villager (Male) |
| 5:37 | Create | Villager (Male) |
| 5:59 | Create | Villager (Male) |
| 6:20 | Create | Villager (Male) |
| 6:27 | Build | Mill |
| 6:43 | Create | Villager (Male) |
| 6:55 | Build | Farm |
| 6:57 | Build | Farm |
| 6:59 | Build | Farm |
| 7:01 | Create | Villager (Male) |
| 7:28 | Create | Villager (Male) |
| 8:25 | Build | Mining Camp |
| 8:30 | Research | Feudal Age |
| 9:07 | Build | Barracks |
| 9:35 | Build | House |
| 10:41 | Create | Villager (Male) |
| 10:42 | Create | Villager (Male) |
| 10:56 | Age | Feudal Age |
| 11:01 | Build | Stable |
| 11:20 | Create | Villager (Male) |
| 11:32 | Build | Market |
| 12:22 | Research | Castle Age |
| 12:29 | Research | Double-Bit Axe |
| 12:34 | Research | Horse Collar |
| 12:43 | Build | House |
| 12:43 | Build | House |
| 12:46 | Create | Scout Cavalry |
| 13:03 | Build | Farm |
| 13:06 | Build | Farm |
| 13:21 | Create | Scout Cavalry |
| 13:21 | Create | Scout Cavalry |
| 13:24 | Build | Farm |
| 14:09 | Build | Farm |
| 14:11 | Build | Farm |
| 14:18 | Create | Scout Cavalry |
| 14:58 | Create | Villager (Male) |
| 15:02 | Age | Castle Age |
| 15:05 | Research | Light Cavalry (upgrade) |
| 15:06 | Create | Villager (Male) |
| 15:25 | Build | Town Center |
| 15:38 | Create | Villager (Male) |
| 15:40 | Build | Farm |
| 15:41 | Build | Farm |
| 15:47 | Research | Bow Saw |
| 16:13 | Create | Villager (Male) |
| 16:17 | Build | Farm |
| 16:25 | Build | Farm |
| 16:57 | Create | Villager (Male) |
| 16:58 | Create | Villager (Male) |
| 16:59 | Create | Villager (Male) |
| 16:59 | Create | Villager (Male) |
| 16:59 | Create | Villager (Male) |
| 17:19 | Create | Villager (Male) |
| 17:36 | Create | Villager (Male) |
| 17:46 | Create | Villager (Male) |
| 17:50 | Build | Farm |
| 18:02 | Build | Town Center |
| 18:05 | Create | Villager (Male) |
| 18:15 | Build | Town Center |
| 18:16 | Create | Villager (Male) |
| 18:34 | Create | Villager (Male) |
| 18:36 | Build | Farm |
| 18:41 | Build | Farm |
| 18:41 | Build | Farm |
| 18:42 | Build | Farm |
| 18:43 | Build | Farm |
| 18:44 | Create | Villager (Male) |
| 18:45 | Create | Villager (Male) |
| 18:50 | Build | Farm |
| 18:59 | Create | Villager (Male) |
| 19:13 | Build | House |
| 19:16 | Build | House |
| 19:16 | Create | Villager (Male) |
| 19:19 | Create | Villager (Male) |
| 19:23 | Build | Farm |
| 19:25 | Build | Farm |
| 19:26 | Create | Villager (Male) |
| 19:30 | Build | Farm |
| 19:31 | Create | Villager (Male) |
| 19:33 | Build | Farm |
| 19:34 | Create | Villager (Male) |
| 19:46 | Create | Villager (Male) |
| 19:54 | Create | Villager (Male) |
| 20:02 | Create | Villager (Male) |
| 20:03 | Create | Villager (Male) |
| 20:08 | Create | Villager (Male) |
| 20:08 | Create | Villager (Male) |
| 20:10 | Build | Farm |
| 20:14 | Create | Villager (Male) |
| 20:15 | Build | House |
| 20:16 | Build | House |
| 20:18 | Create | Villager (Male) |
| 20:30 | Create | Villager (Male) |
| 20:30 | Create | Villager (Male) |
| 20:35 | Build | Lumber Camp |
| 20:38 | Create | Villager (Male) |
| 20:42 | Build | Farm |
| 20:43 | Build | Farm |
| 20:44 | Build | Farm |
| 20:46 | Build | Farm |
| 20:47 | Create | Villager (Male) |
| 20:50 | Build | Farm |
| 20:52 | Build | Farm |
| 20:52 | Create | Villager (Male) |
| 21:01 | Create | Villager (Male) |
| 21:08 | Create | Villager (Male) |
| 21:08 | Create | Villager (Male) |
| 21:21 | Create | Villager (Male) |
| 21:21 | Create | Villager (Male) |
| 21:24 | Build | Farm |
| 21:27 | Build | Farm |
| 21:27 | Create | Villager (Male) |
| 21:30 | Build | Farm |
| 21:31 | Build | Farm |
| 21:31 | Create | Villager (Male) |
| 21:36 | Build | Farm |
| 21:37 | Build | Farm |
| 21:37 | Create | Villager (Male) |
| 21:40 | Build | Farm |
| 21:40 | Create | Villager (Male) |
| 21:42 | Build | Farm |
| 21:46 | Build | House |
| 21:46 | Build | House |
| 21:46 | Build | House |
| 21:47 | Build | House |
| 21:47 | Build | House |
| 21:47 | Build | House |
Build order — ManWithScarf
First 150 of 299 actions detected
| 0:04 | Create | Villager (Male) |
| 0:04 | Create | Villager (Male) |
| 0:04 | Create | Villager (Male) |
| 0:14 | Create | Villager (Male) |
| 0:14 | Create | Villager (Male) |
| 1:20 | Create | Villager (Male) |
| 1:49 | Build | Lumber Camp |
| 1:58 | Create | Villager (Male) |
| 1:59 | Create | Villager (Male) |
| 2:11 | Create | Villager (Male) |
| 2:12 | Create | Villager (Male) |
| 2:39 | Create | Villager (Male) |
| 2:57 | Create | Villager (Male) |
| 2:58 | Create | Villager (Male) |
| 3:42 | Build | Palisade Wall |
| 3:43 | Build | Palisade Wall |
| 3:43 | Build | Palisade Wall |
| 3:44 | Build | Palisade Wall |
| 3:44 | Build | Palisade Wall |
| 3:45 | Build | Palisade Wall |
| 3:46 | Build | Palisade Wall |
| 4:01 | Build | Palisade Wall |
| 4:03 | Build | Palisade Wall |
| 4:05 | Build | Palisade Wall |
| 4:09 | Build | Palisade Wall |
| 4:13 | Build | Palisade Wall |
| 4:16 | Build | Palisade Wall |
| 4:18 | Build | Palisade Wall |
| 4:25 | Build | Palisade Wall |
| 4:31 | Build | Palisade Wall |
| 4:34 | Build | Palisade Wall |
| 4:39 | Create | Villager (Male) |
| 4:39 | Create | Villager (Male) |
| 4:40 | Create | Villager (Male) |
| 5:28 | Build | Mill |
| 5:30 | Create | Villager (Male) |
| 5:31 | Create | Villager (Male) |
| 5:31 | Create | Villager (Male) |
| 7:06 | Create | Villager (Male) |
| 7:07 | Create | Villager (Male) |
| 7:07 | Create | Villager (Male) |
| 8:24 | Create | Villager (Male) |
| 8:32 | Build | Mining Camp |
| 8:47 | Create | Villager (Male) |
| 9:26 | Research | Feudal Age |
| 9:57 | Create | Villager (Male) |
| 9:57 | Create | Villager (Male) |
| 11:36 | Age | Feudal Age |
| 11:40 | Build | Market |
| 11:45 | Build | Blacksmith |
| 11:55 | Research | Double-Bit Axe |
| 12:07 | Build | Mining Camp |
| 12:31 | Research | Castle Age |
| 12:32 | Research | Castle Age |
| 12:37 | Research | Horse Collar |
| 14:56 | Research | Loom |
| 14:56 | Create | Villager (Male) |
| 14:56 | Create | Villager (Male) |
| 15:11 | Age | Castle Age |
| 15:15 | Build | Town Center |
| 15:31 | Research | Heavy Plow |
| 15:42 | Build | Farm |
| 15:43 | Build | Farm |
| 16:02 | Build | Farm |
| 16:05 | Build | Farm |
| 16:06 | Build | Farm |
| 16:08 | Build | Farm |
| 16:09 | Build | Farm |
| 16:18 | Build | Farm |
| 16:19 | Create | Villager (Male) |
| 16:20 | Create | Villager (Male) |
| 16:21 | Create | Villager (Male) |
| 16:30 | Build | Farm |
| 16:49 | Build | Farm |
| 16:51 | Create | Villager (Male) |
| 17:20 | Build | Castle |
| 17:23 | Create | Villager (Male) |
| 17:23 | Create | Villager (Male) |
| 17:23 | Create | Villager (Male) |
| 17:29 | Build | Farm |
| 17:30 | Build | Farm |
| 17:31 | Build | Farm |
| 17:47 | Create | Villager (Male) |
| 17:47 | Create | Villager (Male) |
| 18:01 | Create | Villager (Male) |
| 18:02 | Create | Villager (Male) |
| 18:13 | Create | Villager (Male) |
| 18:13 | Create | Villager (Male) |
| 18:24 | Create | Villager (Male) |
| 18:39 | Build | Farm |
| 18:44 | Build | Farm |
| 18:48 | Create | Villager (Male) |
| 18:48 | Create | Villager (Male) |
| 18:56 | Build | Farm |
| 18:57 | Build | Farm |
| 19:05 | Build | Farm |
| 19:07 | Create | Villager (Male) |
| 19:07 | Create | Villager (Male) |
| 19:07 | Create | Villager (Male) |
| 19:15 | Create | Villager (Male) |
| 19:15 | Create | Villager (Male) |
| 19:23 | Create | Villager (Male) |
| 19:24 | Create | Villager (Male) |
| 19:34 | Build | Town Center |
| 19:35 | Create | Villager (Male) |
| 20:09 | Create | Tarkan |
| 20:13 | Create | Villager (Male) |
| 20:13 | Create | Villager (Male) |
| 20:14 | Create | Villager (Male) |
| 20:14 | Create | Villager (Male) |
| 20:19 | Create | Villager (Male) |
| 20:30 | Create | Villager (Male) |
| 20:30 | Create | Villager (Male) |
| 20:45 | Create | Villager (Male) |
| 20:53 | Create | Tarkan |
| 21:02 | Create | Villager (Male) |
| 21:02 | Create | Villager (Male) |
| 21:07 | Build | Farm |
| 21:08 | Build | Farm |
| 21:08 | Build | Farm |
| 21:10 | Create | Villager (Male) |
| 21:11 | Create | Villager (Male) |
| 21:18 | Create | Tarkan |
| 21:33 | Build | Farm |
| 21:35 | Create | Villager (Male) |
| 21:36 | Create | Villager (Male) |
| 21:36 | Create | Villager (Male) |
| 21:43 | Build | Farm |
| 21:45 | Build | Farm |
| 21:46 | Create | Villager (Male) |
| 21:46 | Create | Villager (Male) |
| 21:48 | Build | Farm |
| 21:49 | Create | Villager (Male) |
| 21:49 | Create | Villager (Male) |
| 22:02 | Build | Farm |
| 22:06 | Build | Farm |
| 22:07 | Build | Farm |
| 22:08 | Create | Villager (Male) |
| 22:09 | Create | Villager (Male) |
| 22:14 | Create | Tarkan |
| 22:24 | Build | Barracks |
| 22:25 | Create | Villager (Male) |
| 22:25 | Create | Villager (Male) |
| 22:28 | Create | Villager (Male) |
| 22:28 | Create | Tarkan |
| 22:40 | Create | Tarkan |
| 22:46 | Create | Villager (Male) ×2 |
| 23:05 | Build | Farm |
| 23:06 | Build | Farm |
| 23:07 | Research | Wheelbarrow |
Build order — OIDA | .#sILVER
First 150 of 551 actions detected
| 0:00 | Create | Villager (Male) |
| 0:00 | Create | Villager (Male) |
| 0:01 | Create | Villager (Male) |
| 0:01 | Build | House |
| 0:02 | Build | House |
| 0:03 | Build | House |
| 0:26 | Create | Villager (Male) |
| 1:25 | Create | Villager (Male) |
| 1:43 | Build | Lumber Camp |
| 2:08 | Create | Villager (Male) |
| 2:12 | Create | Villager (Male) |
| 2:29 | Build | Palisade Wall |
| 2:30 | Build | Palisade Wall |
| 2:30 | Build | Palisade Wall |
| 2:31 | Build | Palisade Wall |
| 2:31 | Build | Palisade Wall |
| 2:31 | Build | Palisade Wall |
| 2:32 | Build | Palisade Wall |
| 2:36 | Create | Villager (Male) |
| 3:09 | Create | Villager (Male) |
| 3:12 | Build | Palisade Wall |
| 3:16 | Build | Palisade Wall |
| 3:20 | Build | Palisade Wall |
| 3:23 | Build | Palisade Wall |
| 3:26 | Build | Palisade Wall |
| 3:29 | Build | Palisade Wall |
| 3:31 | Build | Palisade Wall |
| 3:33 | Build | Palisade Wall |
| 3:35 | Build | Palisade Wall |
| 3:43 | Build | Palisade Wall |
| 3:44 | Build | Palisade Wall |
| 3:46 | Build | Palisade Wall |
| 3:48 | Build | Palisade Wall |
| 3:50 | Create | Villager (Male) |
| 3:52 | Build | House |
| 3:53 | Build | House |
| 4:06 | Create | Villager (Male) |
| 4:06 | Create | Villager (Male) |
| 4:16 | Build | House |
| 4:35 | Create | Villager (Male) |
| 4:46 | Create | Villager (Male) |
| 5:06 | Create | Villager (Male) |
| 5:09 | Build | Mill |
| 5:46 | Create | Villager (Male) |
| 5:57 | Create | Villager (Male) |
| 6:00 | Create | Villager (Male) |
| 6:21 | Create | Villager (Male) |
| 6:39 | Create | Villager (Male) |
| 6:43 | Build | Lumber Camp |
| 7:04 | Create | Villager (Male) |
| 7:08 | Create | Villager (Male) |
| 7:25 | Create | Villager (Male) |
| 7:36 | Create | Villager (Male) |
| 8:00 | Create | Villager (Male) |
| 8:18 | Create | Villager (Male) |
| 8:36 | Create | Villager (Male) |
| 8:48 | Create | Villager (Male) |
| 8:55 | Build | Mining Camp |
| 9:15 | Build | Farm |
| 9:16 | Build | Farm |
| 9:43 | Build | Farm |
| 9:46 | Research | Feudal Age |
| 9:53 | Build | Barracks |
| 10:00 | Build | Barracks |
| 10:34 | Build | House |
| 11:01 | Create | Villager (Male) |
| 11:25 | Create | Villager (Male) |
| 11:56 | Age | Feudal Age |
| 11:58 | Build | Stable |
| 12:02 | Build | Blacksmith |
| 12:18 | Research | Horse Collar |
| 12:49 | Research | Castle Age |
| 12:49 | Research | Castle Age |
| 12:51 | Build | House |
| 12:56 | Build | Farm |
| 12:57 | Create | Scout Cavalry |
| 13:11 | Create | Scout Cavalry |
| 13:13 | Build | Farm |
| 13:14 | Build | Farm |
| 13:29 | Build | House |
| 13:32 | Create | Scout Cavalry |
| 13:36 | Build | Farm |
| 13:45 | Build | Farm |
| 13:58 | Create | Scout Cavalry |
| 14:06 | Create | Villager (Male) |
| 14:08 | Build | Farm |
| 14:31 | Build | Farm |
| 14:36 | Create | Scout Cavalry |
| 14:38 | Build | Farm |
| 14:46 | Build | Farm |
| 14:48 | Build | Farm |
| 15:16 | Create | Scout Cavalry |
| 15:29 | Age | Castle Age |
| 15:32 | Research | Light Cavalry (upgrade) |
| 15:44 | Create | Villager (Male) |
| 15:56 | Create | Villager (Male) |
| 16:00 | Build | Monastery |
| 16:01 | Create | Villager (Male) |
| 16:07 | Build | Farm |
| 16:07 | Build | Farm |
| 16:09 | Build | Farm |
| 16:18 | Research | Heavy Plow |
| 16:23 | Create | Villager (Male) |
| 16:46 | Create | Villager (Male) |
| 16:57 | Create | Monk |
| 17:10 | Create | Villager (Male) |
| 17:12 | Build | Town Center |
| 17:16 | Create | Villager (Male) |
| 17:30 | Create | Villager (Male) |
| 17:30 | Create | Scout Cavalry |
| 17:32 | Create | Villager (Male) |
| 17:41 | Create | Villager (Male) |
| 17:51 | Create | Villager (Male) |
| 17:51 | Create | Villager (Male) |
| 17:55 | Create | Monk |
| 17:58 | Build | House |
| 18:00 | Create | Villager (Male) |
| 18:06 | Create | Villager (Male) |
| 18:07 | Build | House |
| 18:29 | Create | Villager (Male) |
| 18:30 | Create | Monk |
| 18:33 | Create | Villager (Male) |
| 18:37 | Create | Villager (Male) |
| 18:39 | Create | Villager (Male) |
| 18:41 | Build | Farm |
| 18:41 | Build | Farm |
| 18:45 | Build | Town Center |
| 19:00 | Create | Villager (Male) |
| 19:07 | Create | Villager (Male) |
| 19:12 | Build | Farm |
| 19:14 | Build | Farm |
| 19:15 | Build | Farm |
| 19:18 | Create | Villager (Male) |
| 19:19 | Create | Monk |
| 19:31 | Create | Villager (Male) |
| 19:32 | Create | Villager (Male) |
| 19:38 | Create | Villager (Male) |
| 19:42 | Create | Scout Cavalry |
| 19:42 | Create | Scout Cavalry |
| 19:51 | Research | Scale Barding Armor |
| 19:52 | Research | Scale Barding Armor |
| 20:02 | Create | Villager (Male) |
| 20:09 | Create | Villager (Male) |
| 20:13 | Create | Villager (Male) |
| 20:17 | Build | Mining Camp |
| 20:26 | Research | Forging |
| 20:34 | Create | Villager (Male) |
| 20:36 | Create | Villager (Male) |
| 20:41 | Build | House |
| 20:42 | Build | House |
Match timeline
| 1:54 | OIDA | Tasty · wall_segment Palisade Wall x1 |
| 1:57 | OIDA | Tasty · wall_segment Palisade Wall x1 |
| 2:29 | OIDA | .#sILVER · wall_segment Palisade Wall x1 |
| 2:30 | OIDA | .#sILVER · wall_segment Palisade Wall x1 |
| 2:30 | OIDA | .#sILVER · wall_segment Palisade Wall x1 |
| 2:31 | OIDA | .#sILVER · wall_segment Palisade Wall x1 |
| 2:31 | OIDA | .#sILVER · wall_segment Palisade Wall x1 |
| 2:31 | OIDA | .#sILVER · wall_segment Palisade Wall x1 |
| 2:32 | OIDA | .#sILVER · wall_segment Palisade Wall x1 |
| 3:12 | OIDA | .#sILVER · wall_segment Palisade Wall x1 |
| 3:16 | OIDA | .#sILVER · wall_segment Palisade Wall x1 |
| 3:20 | OIDA | .#sILVER · wall_segment Palisade Wall x1 |
| 3:23 | OIDA | .#sILVER · wall_segment Palisade Wall x1 |
| 3:26 | OIDA | .#sILVER · wall_segment Palisade Wall x1 |
| 3:29 | OIDA | .#sILVER · wall_segment Palisade Wall x1 |
| 3:31 | OIDA | .#sILVER · wall_segment Palisade Wall x1 |
| 3:33 | OIDA | .#sILVER · wall_segment Palisade Wall x1 |
| 3:35 | OIDA | .#sILVER · wall_segment Palisade Wall x1 |
| 3:42 | ManWithScarf · wall_segment Palisade Wall x1 |
| 3:43 | OIDA | .#sILVER · wall_segment Palisade Wall x1 |
| 3:43 | ManWithScarf · wall_segment Palisade Wall x1 |
| 3:43 | ManWithScarf · wall_segment Palisade Wall x1 |
| 3:44 | OIDA | .#sILVER · wall_segment Palisade Wall x1 |
| 3:44 | ManWithScarf · wall_segment Palisade Wall x1 |
| 3:44 | ManWithScarf · wall_segment Palisade Wall x1 |
| 3:45 | ManWithScarf · wall_segment Palisade Wall x1 |
| 3:46 | OIDA | .#sILVER · wall_segment Palisade Wall x1 |
| 3:46 | ManWithScarf · wall_segment Palisade Wall x1 |
| 3:48 | OIDA | .#sILVER · wall_segment Palisade Wall x1 |
| 3:54 | OIDA | Pat_Star · wall_segment Palisade Wall x3 |
| 3:55 | OIDA | Pat_Star · wall_segment Palisade Wall x1 |
| 3:56 | OIDA | Pat_Star · wall_segment Palisade Wall x1 |
| 4:01 | ManWithScarf · wall_segment Palisade Wall x1 |
| 4:03 | ManWithScarf · wall_segment Palisade Wall x1 |
| 4:05 | ManWithScarf · wall_segment Palisade Wall x1 |
| 4:06 | OIDA | Tasty · wall_segment Palisade Wall x1 |
| 4:08 | OIDA | Tasty · wall_segment Palisade Wall x1 |
| 4:09 | ManWithScarf · wall_segment Palisade Wall x1 |
| 4:13 | ManWithScarf · wall_segment Palisade Wall x1 |
| 4:16 | ManWithScarf · wall_segment Palisade Wall x1 |
| 4:18 | ManWithScarf · wall_segment Palisade Wall x1 |
| 4:23 | OIDA | Pat_Star · wall_segment Palisade Wall x1 |
| 4:24 | OIDA | Pat_Star · wall_segment Palisade Wall x1 |
| 4:25 | ManWithScarf · wall_segment Palisade Wall x1 |
| 4:25 | OIDA | Pat_Star · wall_segment Palisade Wall x1 |
| 4:27 | OIDA | Pat_Star · wall_segment Palisade Wall x1 |
| 4:27 | OIDA | Pat_Star · wall_segment Palisade Wall x1 |
| 4:28 | OIDA | Pat_Star · wall_segment Palisade Wall x1 |
| 4:29 | OIDA | Pat_Star · wall_segment Palisade Wall x1 |
| 4:30 | OIDA | Pat_Star · wall_segment Palisade Wall x1 |
| 4:31 | ManWithScarf · wall_segment Palisade Wall x1 |
| 4:31 | OIDA | Pat_Star · wall_segment Palisade Wall x1 |
| 4:34 | ManWithScarf · wall_segment Palisade Wall x1 |
| 8:25 | Wiwu · first_building Barracks |
| 9:07 | Crouch · first_building Barracks |
| 9:53 | OIDA | .#sILVER · first_building Barracks |
| 10:13 | Wiwu · age_up feudal |
| 10:19 | Wiwu · first_building Stable |
| 10:32 | Estómago · age_up feudal |
| 10:56 | Crouch · age_up feudal |
| 11:00 | OIDA | onkyox · age_up feudal |
| 11:01 | Crouch · first_building Stable |
| 11:25 | OIDA | Pat_Star · age_up feudal |
| 11:31 | OIDA | Tasty · age_up feudal |
| 11:36 | ManWithScarf · age_up feudal |
| 11:56 | OIDA | .#sILVER · age_up feudal |
| 11:58 | OIDA | .#sILVER · first_building Stable |
| 14:31 | OIDA | onkyox · age_up castle |
| 14:33 | Wiwu · age_up castle |
| 14:36 | Wiwu · first_building Monastery |
| 14:55 | OIDA | Pat_Star · age_up castle |
| 14:56 | Estómago · age_up castle |
| 15:02 | Crouch · age_up castle |
| 15:09 | OIDA | Tasty · wall_segment Palisade Wall x1 |
| 15:11 | ManWithScarf · age_up castle |
| 15:12 | OIDA | Tasty · age_up castle |
| 15:13 | OIDA | Tasty · wall_segment Palisade Wall x1 |
| 15:21 | OIDA | Pat_Star · first_building Castle |
| 15:29 | OIDA | .#sILVER · age_up castle |
| 15:30 | ManWithScarf · first_market_buy 100 food |
| 15:58 | OIDA | Tasty · first_market_buy 100 stone |
| 16:00 | OIDA | .#sILVER · first_building Monastery |
| 16:14 | Wiwu · first_building Siege Workshop |
| 16:57 | OIDA | Pat_Star · wall_segment Stone Wall x11 |
| 17:12 | Wiwu · wall_segment Stone Wall x15 |
| 17:20 | ManWithScarf · first_building Castle |
| 17:34 | Wiwu · wall_segment Stone Wall x7 |
| 17:35 | Wiwu · wall_segment Stone Wall x5 |
| 17:59 | OIDA | Tasty · first_building Monastery |
| 18:08 | OIDA | Tasty · wall_segment Palisade Wall x1 |
| 18:09 | OIDA | Tasty · wall_segment Palisade Wall x1 |
| 18:09 | OIDA | Tasty · wall_segment Palisade Wall x1 |
| 18:10 | OIDA | Tasty · wall_segment Palisade Wall x1 |
| 18:11 | OIDA | Tasty · wall_segment Palisade Wall x1 |
| 18:11 | OIDA | Tasty · wall_segment Palisade Wall x1 |
| 18:11 | Crouch · first_market_buy 100 stone |
| 18:12 | OIDA | Tasty · wall_segment Palisade Wall x1 |
| 18:12 | OIDA | Tasty · wall_segment Palisade Wall x1 |
| 18:18 | OIDA | Tasty · wall_segment Palisade Wall x1 |
| 18:22 | OIDA | Tasty · wall_segment Palisade Wall x1 |
| 18:28 | OIDA | Tasty · wall_segment Palisade Wall x1 |
| 18:29 | OIDA | Tasty · wall_segment Palisade Wall x1 |
| 18:29 | OIDA | Tasty · wall_segment Palisade Wall x1 |
| 18:30 | OIDA | Tasty · wall_segment Palisade Wall x1 |
| 18:31 | OIDA | Tasty · wall_segment Palisade Wall x1 |
| 18:31 | OIDA | Tasty · wall_segment Palisade Wall x1 |
| 18:32 | OIDA | Tasty · wall_segment Palisade Wall x1 |
| 18:33 | OIDA | Tasty · wall_segment Palisade Wall x1 |
| 18:45 | Estómago · first_market_buy 100 food |
| 18:54 | OIDA | Pat_Star · wall_segment Stone Wall x3 |
| 19:35 | Estómago · first_building Barracks |
| 21:14 | Wiwu · wall_segment Stone Wall x1 |
| 21:36 | OIDA | onkyox · first_building Monastery |
| 21:58 | OIDA | Tasty · first_building Barracks |
| 22:07 | OIDA | Tasty · first_market_sell 100 food |
| 22:20 | Estómago · first_building Siege Workshop |
| 22:24 | ManWithScarf · first_building Barracks |
| 22:36 | OIDA | onkyox · first_building Barracks |
| 23:41 | Wiwu · wall_segment Stone Wall x1 |
| 23:42 | Wiwu · wall_segment Stone Wall x1 |
| 24:36 | Estómago · first_building Archery Range |
| 24:51 | OIDA | Tasty · first_building Siege Workshop |
| 24:54 | ManWithScarf · first_building Stable |
| 25:04 | OIDA | onkyox · first_market_sell 100 wood |
| 25:10 | OIDA | Pat_Star · first_market_sell 100 wood |
| 25:20 | OIDA | onkyox · first_building Archery Range |
| 25:49 | OIDA | onkyox · first_building Siege Workshop |
| 26:12 | Crouch · first_building Monastery |
| 26:27 | Crouch · first_building Castle |
| 26:31 | OIDA | .#sILVER · first_building Castle |
| 26:51 | Crouch · first_market_sell 100 food |
| 27:22 | OIDA | .#sILVER · first_market_buy 100 wood |
| 27:40 | OIDA | Pat_Star · wall_segment Stone Wall x1 |
| 27:41 | OIDA | Pat_Star · wall_segment Stone Wall x1 |
| 27:42 | OIDA | Pat_Star · wall_segment Stone Wall x1 |
| 27:42 | OIDA | Pat_Star · wall_segment Stone Wall x1 |
| 27:43 | OIDA | Pat_Star · wall_segment Stone Wall x1 |
| 27:44 | OIDA | Pat_Star · wall_segment Stone Wall x1 |
| 27:44 | OIDA | Pat_Star · wall_segment Stone Wall x1 |
| 28:21 | ManWithScarf · first_building Archery Range |
| 28:21 | OIDA | Tasty · first_building Castle |
| 28:31 | OIDA | onkyox · first_building Castle |
| 28:35 | OIDA | onkyox · age_up imperial |
| 28:37 | Estómago · first_market_sell 500 food |
| 28:50 | OIDA | .#sILVER · wall_segment Stone Wall x1 |
| 28:52 | OIDA | .#sILVER · wall_segment Stone Wall x3 |
| 29:39 | ManWithScarf · first_market_sell 100 food |
| 29:43 | OIDA | Tasty · age_up imperial |
| 29:56 | Estómago · age_up imperial |
| 29:56 | OIDA | Pat_Star · age_up imperial |
| 30:09 | Crouch · age_up imperial |
| 30:34 | Wiwu · first_building Archery Range |
| 30:43 | Wiwu · first_building Castle |
| 31:12 | OIDA | Pat_Star · first_market_buy 100 wood |
| 32:02 | OIDA | .#sILVER · first_market_sell 100 wood |
| 32:25 | ManWithScarf · first_building Monastery |
| 32:54 | ManWithScarf · age_up imperial |
| 33:23 | Estómago · first_building Castle |
| 34:06 | OIDA | .#sILVER · wall_segment Stone Wall x5 |
| 34:16 | Wiwu · age_up imperial |
| 34:47 | ManWithScarf · first_building Siege Workshop |
| 35:13 | OIDA | .#sILVER · age_up imperial |
| 36:53 | OIDA | onkyox · first_building Stable |
| 37:21 | Wiwu · resign |
| 41:08 | Estómago · wall_segment Stone Wall x1 |
| 41:41 | OIDA | .#sILVER · tribute_sent a jugador 1 |
| 41:41 | OIDA | .#sILVER · tribute_sent a jugador 2 |
| 41:41 | OIDA | .#sILVER · tribute_sent a jugador 3 |
| 41:41 | OIDA | .#sILVER · tribute_sent a jugador 4 |
| 41:41 | OIDA | .#sILVER · tribute_sent a jugador 5 |
| 41:41 | OIDA | .#sILVER · tribute_sent a jugador 6 |
| 41:41 | OIDA | .#sILVER · tribute_sent a jugador 7 |
[ AI ANALYSIS · 1 CREDIT ]
What really happened in this match?
Wolo.gg analyzes every decision: build order, eco, micro, common mistakes by bracket. Personalized analysis on WhatsApp or Discord in 30 seconds.
Civ guide
Jurchens
Perfil
Jugador #2605120